 Dungeon Crawl Stone Soup version 0.26-a0-651-gb41185065b (webtiles) character file.

Game seed: 9336458213782968186

39677 Irenicus the Earth Mage (level 13, -7/94 HPs)
             Began as a Deep Dwarf Earth Elementalist on Oct 24, 2020.
             Was the Champion of Makhleb.
             Killed from afar by a deep elf mage (49 damage)
             ... with a bolt of cold
             ... on level 1 of the Elven Halls.
             The game lasted 00:55:45 (6534 turns).

Irenicus the Earth Mage (DDEE)                      Turns: 6534, Time: 00:55:46

Health: -7/94      AC: 10    Str: 14    XL:     13   Next: 70%
Magic:  22/28      EV: 18    Int: 19    God:    Makhleb [******]
Gold:   932        SH:  6    Dex: 19    Spells: 10/34 levels left

rFire    + . .     SeeInvis .   s - +8 autumn katana {vorpal, Clar}
rCold    x . .     Faith    .   F - +0 buckler {rPois}
rNeg     . . .     Spirit   .   h - +0 steam dragon scales
rPois    +         Reflect  .   H - +0 helmet
rElec    .         Harm     .   N - +0 cloak
rCorr    .         Rampage  .   i - +0 pair of gloves
MR       +....     Clarity  +   A - +1 pair of boots
Stlth    ++........             L - amulet of magic regeneration
HPRegen  0.00/turn              J - +6 ring of dexterity
MPRegen  0.46/turn              W - ring "Zapin" {Fire Slay+4}

@: non-regenerating
A: damage resistance, heal wounds, sense surroundings 2, no regeneration
a: Heal Wounds, Minor Destruction, Lesser Servant of Makhleb, Major Destruction,
Greater Servant of Makhleb, Renounce Religion


You were on level 1 of the Elven Halls.
You worshipped Makhleb.
Makhleb was exalted by your worship.
You visited 4 branches of the dungeon, and saw 16 of its levels.

You collected 1128 gold pieces.
You spent 196 gold pieces at shops.

Inventory:

Hand Weapons
 l - a +2 short sword of electrocution
   (You took it off an orc on level 2 of the Dungeon)
 s - the +8 autumn katana (weapon) {vorpal, Clar}
   (You found it on level 4 of the Dungeon)

   It inflicts extra damage upon your enemies.
   It protects you against confusion.
 U - the +7 mace "Ogrebane" {vorpal, rN+}
   (You found it on level 12 of the Dungeon)

   It inflicts extra damage upon your enemies.
   It protects you from negative energy.
Missiles
 b - 53 stones (quivered)
 Q - 8 curare-tipped darts
Armour
 h - +0 steam dragon scales (worn)
   (You found it on level 9 of the Dungeon)
 i - a +0 pair of gloves (worn)
   (You found it on level 1 of the Dungeon)
 p - the +0 cloak of Decompression {+Inv rPois rF+ rC-}
   (You found it on level 4 of the Dungeon)

   It protects you from fire.
   It makes you vulnerable to cold.
   It protects you from poison.
   It lets you turn invisible.
 A - a +1 pair of boots (worn)
   (You found it on level 6 of the Dungeon)
 F - a +0 buckler of poison resistance (worn)
   (You bought it in a shop on level 7 of the Dungeon)
 H - a +0 helmet (worn)
   (You found it on level 9 of the Dungeon)
 N - a +0 cloak (worn)
   (You took it off Maurice on level 11 of the Dungeon)
Magical Staves
 V - an uncursed staff of conjuration {!a}
   (You found it on level 12 of the Dungeon)
Jewellery
 a - a +6 ring of intelligence
   (You found it on level 1 of the Dungeon)
 g - a +4 ring of evasion
   (You found it on level 1 of the Dungeon)
 C - an uncursed ring of poison resistance {rPois, !d}
   (You found it on level 6 of the Dungeon)
 J - a +6 ring of dexterity (left hand)
   (You found it on level 10 of the Dungeon)
 L - an amulet of magic regeneration (around neck)
   (You found it on level 11 of the Dungeon)
 P - a +4 ring of protection
   (You found it on level 12 of the Dungeon)
 W - the ring "Zapin" (right hand) {Fire Slay+4}
   (You found it on level 12 of the Dungeon)

   [ring of fire]

   It enhances your fire magic.
   It affects your accuracy and damage with ranged weapons and melee attacks
   (+4).
   It protects you from fire.
   It makes you vulnerable to cold.
Wands
 x - a wand of disintegration (17)
   (You found it on level 5 of the Dungeon)
 y - a wand of iceblast (17)
   (You found it on level 5 of the Dungeon)
 M - a wand of paralysis (8)
   (You found it on level 11 of the Dungeon)
 R - a wand of digging (5)
   (You took it off Sonja on level 12 of the Dungeon)
Scrolls
 c - 2 scrolls of noise {unknown}
 d - a scroll of identify
 e - 5 scrolls of teleportation
 q - 5 scrolls of fear
 z - 2 scrolls of immolation {unknown}
 B - 3 scrolls of amnesia {unknown}
 E - 2 scrolls of magic mapping {unknown}
 G - a scroll of fog {unknown}
 I - a scroll of silence {unknown}
 S - a scroll of holy word {unknown}
 X - a scroll of brand weapon {unknown}
Potions
 f - 5 potions of curing
 j - 5 potions of magic
 k - a potion of heal wounds
 m - 2 potions of flight
 n - 3 potions of resistance
 t - a potion of berserk rage {!q}
 u - a potion of ambrosia
 w - 2 potions of haste
 D - a potion of degeneration {!q}
 K - a potion of brilliance
 O - 2 potions of might
Miscellaneous
 T - a condenser vane (1/2)
   (You found it on level 12 of the Dungeon)


   Skills:
 - Level 8.0 Dodging
 - Level 2.4 Stealth
 - Level 4.1 Shields
 - Level 11.1 Spellcasting
 + Level 10.5 Necromancy
 - Level 0.8 Transmutations
 - Level 16.0 Earth Magic
 + Level 12.2 Evocations


You had 10 spell levels left.
You knew the following spells:

 Your Spells              Type           Power        Failure   Level
a - Sandblast             Erth           ######       0%          1
c - Corpse Rot            Necr/Air       N/A          1%          2
d - Borgnjor's Vile Clut  Necr/Erth      ######....   1%          5
f - Dispel Undead         Necr           ######..     1%          4
r - Sublimation of Blood  Necr           ######....   1%          2
w - Passwall              Tmut/Erth      #####...     1%          2
x - Stone Arrow           Conj/Erth      #####.       1%          3
z - Lee's Rapid Deconstr  Erth           ######....   1%          5

Your spell library contained the following spells:

 Spells                   Type           Power        Failure   Level
 Petrify                  Tmut/Erth      #####...     1%          4
 Agony                    Necr           ######..     2%          5
 Excruciating Wounds      Necr           ######....   2%          5
 Magic Dart               Conj           ##..         7%          1
 Ensorcelled Hibernation  Hex/Ice        ##....       10%         2
 Silence                  Hex/Air        ##........   88%         5
 Shadow Creatures         Summ           N/A          100%        6


Dungeon Overview and Level Annotations

Branches:
Dungeon (12/15)            Temple (1/1) D:4            Lair (0/6) D:10
    Orc (2/2) D:10            Elf (1/3) Orc:2

Altars:
Ashenzari
Cheibriados
Dithmenos
Elyvilon
Fedhas
Gozag
Hepliaklqana
Kikubaaqudgha
Makhleb
Nemelex Xobeh
Okawaru
Qazlal
Ru
Sif Muna
Trog
Uskayaw
Vehumet
Wu Jian
Xom
Yredelemnul
Zin
The Shining One
Beogh

Shops:
D:5 :[   D:7 [   D:9 (!([*   D:10 ([}(   D:11 ?(   Orc:2 ![:[

Annotations:
D:9 3 runed translucent doors, qborf's ghost, novice SpAK
Elf:1 Asterion


Innate Abilities, Weirdness & Mutations

You are resistant to damage.
You can heal yourself by infusing magical energy.
You passively map the area around you.
You do not regenerate.


Message History

Evoke which item? (* to show all) (? for menu, Esc to quit)
Okay, then.
The deep elf knight is engulfed in poison gas.
The deep elf knight looks as sick as possible!
The deep elf knight unwields a +2 vampiric scimitar.
The deep elf knight wields a +0 shortbow.
The deep elf knight shoots an arrow.
You block the arrow.
The deep elf knight is engulfed in poison gas.
The deep elf knight looks as sick as possible!
The deep elf knight gestures wildly while chanting.
The deep elf knight seems to speed up.
Asterion is engulfed in poison gas.
Asterion looks even sicker.
Asterion conjures a destructive force in the name of Makhleb!
The orb of electricity explodes!
The orb of electricity engulfs you!!!
* * * LOW HITPOINT WARNING * * *
The orb of electricity engulfs the deep elf mage!!
The deep elf archer is engulfed in poison gas.
The deep elf archer looks as sick as possible!
The deep elf knight is engulfed in poison gas.
The deep elf knight looks as sick as possible!
You see here an arrow.
You take 35 damage, and have 11/94 hp.
MASSIVE DAMAGE!!
You kill the deep elf knight!
Makhleb accepts your kill.
You feel better.
The deep elf mage looks more healthy.
The deep elf mage gestures wildly while chanting.
Asterion is engulfed in poison gas.
Asterion looks as sick as possible!
The deep elf knight is engulfed in poison gas.
The deep elf knight looks as sick as possible!
You kill the deep elf knight!
Makhleb accepts your kill.
You feel better.
Your Evocations skill increases to level 12!
The deep elf archer is engulfed in poison gas.
The deep elf archer looks as sick as possible!
You regained 38 hp, and now have 49/94 hp.
Casting: Borgnjor's Vile Clutch (dangerous; 1% risk of failure)
Confirm with . or Enter, or press ? or * to list all spells.
Aiming: Lee's Rapid Deconstruction (mildly dangerous; 1% risk of failure)
Press: ? - help, Dir - move target cursor, f - earth elemental Fragment what (e.g. wall or brittle monster)?: an earth elemental (summoned)
Okay, then.
Your surroundings suddenly seem different.
As you open the door, it creaks loudly!
A +1 glaive of venom comes into view.
Casting: Lee's Rapid Deconstruction (mildly dangerous; 1% risk of failure)
Confirm with . or Enter, or press ? or * to list all spells.
Aiming: Lee's Rapid Deconstruction (mildly dangerous; 1% risk of failure)
Press: ? - help, Dir - move target cursor A rock wall.
The wall shatters!
The blast of rock fragments hits the +1 glaive of venom!
The +1 glaive of venom is moderately damaged.
You now have 8/28 mp.
Casting: Lee's Rapid Deconstruction (mildly dangerous; 1% risk of failure)
Confirm with . or Enter, or press ? or * to list all spells.
Aiming: Borgnjor's Vile Clutch (dangerous; 1% risk of failure)
Press: ? - help, Shift-Dir - straight line, f - +1 glaive of venom
Aim: a +1 glaive of venom (moderately damaged) Zombie hands grab the +1 glaive of venom.
The zombie hands constrict the +1 glaive of venom, but do no damage.
The +1 glaive of venom barely misses you.
You now have 3/28 mp.
The zombie hands constrict the +1 glaive of venom!
Makhleb accepts your kill.
You feel better.
You feel a bit more experienced.
The +1 glaive of venom struggles to escape constriction.
You regained 15 hp, and now have 64/94 hp.
The zombie hands constrict the +1 glaive of venom.
The +1 glaive of venom escapes!
Casting: Borgnjor's Vile Clutch (dangerous; 1% risk of failure)
Confirm with . or Enter, or press ? or * to list all spells.
You don't have enough magic to cast that spell.
Unknown command.
The +1 glaive of venom hits you from afar!!
You take 22 damage, and have 42/94 hp.
MASSIVE DAMAGE!!
Casting: Borgnjor's Vile Clutch (dangerous; 1% risk of failure)
Confirm with . or Enter, or press ? or * to list all spells.
Aiming: Borgnjor's Vile Clutch (dangerous; 1% risk of failure)
Press: ? - help, Shift-Dir - straight line, f/p - +1 glaive of venom
Aim: a +1 glaive of venom (severely damaged) Zombie hands grab the +1 glaive of venom.
The zombie hands constrict the +1 glaive of venom!
The +1 glaive of venom falls from the air.
Makhleb accepts your kill.
Your condenser vane (1/2) has regained one charge.
You now have 0/28 mp.
You open the door.
There is an open door here.
You open the door.
There is an open door here.
d - a scroll of identify You open the door.
A deep elf mage comes into view. It is wielding a +0 short sword.
The deep elf mage shouts!
The deep elf mage mumbles some strange words.
The deep elf mage points at you and mumbles some strange words.
The bolt of cold hits you!!!
You feel a terrible chill!
Ouch! That really hurt!
You die...

, * ,, #.#.#. , ..... * *
..... , ,.###. **, ###**
....#* *.## ## * * ...# *
#.######... * ....#
#.#......#.###### *
,.....###.#.##...........
,
,..e......#.##.##+##.####
,
..............#...#.####
,,,
Y^.....@##.##.+...+.##..
,
..(......#....#...#....#
,
.........####.##'##.####
, ......##.# #...........
, ,....#.*#.#
############ * ...##. #.#
* , ...#. ,...,* , , .#
.. +##,* , ,


You could see a deep elf mage and an ice beast (summoned, wandering).

Vanquished Creatures
  Nessos (D:12)
  A blizzard demon (D:12)
  Snorg (D:11)
  The ghost of Plog the Cleaver, a journeyman DDFi of Makhleb (D:12)
  2 ogre magi (Orc:2)
  11 two-headed ogres
  An orc high priest (Orc:2)
  A dancing weapon (Elf:1)
  2 deep elf knights (Elf:1)
  Sonja (D:12)
  2 deep trolls (Orc:2)
  3 deep elf archers (Elf:1)
  An orc sorcerer (Orc:1)
  3 ugly things
  2 orc knights
  5 deep elf magi (Elf:1)
  5 cyclopes
  2 centaur zombies (D:12)
  Joseph (D:8)
  Maurice (D:11)
  2 centaur skeletons
  3 rime drakes (D:12)
  A komodo dragon (D:11)
  An ice devil (D:12)
  10 trolls
  3 slime creatures (D:12)
  2 hippogriffs
  3 centaur simulacra (D:12)
  A wyvern (D:12)
  12 yaks
  A water elemental (Elf:1)
  2 steam dragons
  2 wargs (Orc:2)
  A soldier ant (D:7)
  2 water moccasins (D:8)
  17 orc warriors
  7 sky beasts
  A black bear (D:6)
  4 ice beasts
  26 ogres
  A phantom (D:10)
  2 centaurs
  3 bullfrogs
  A wyvern zombie (D:7)
  A wyvern skeleton (D:8)
  3 scorpions
  A wight (D:7)
  5 howler monkeys
  5 hounds
  2 bullfrog zombies
  3 bullfrog skeletons
  A jelly (D:11)
  21 orc priests
  11 orc wizards
  An iguana (D:10)
  6 worker ants
  A killer bee zombie (D:9)
  3 bullfrog simulacra (D:12)
  A hound zombie (D:8)
  3 hound skeletons
  2 worker ant zombies
  A gnoll (D:1)
  12 adders
  A shadow imp (D:7)
  2 white imps
  An ooze (D:2)
  2 ufetubi
  An adder zombie (D:8)
  An adder skeleton (D:3)
  A worm (D:5)
  A dart slug (D:1)
  7 leopard geckos
  97 orcs
  5 giant cockroaches
  10 goblins
  9 hobgoblins
  10 jackals
  3 kobolds
  6 quokkas
  3 ball pythons
  6 bats
  2 frilled lizards
  A jackal skeleton (D:6)
  A jackal zombie (D:5)
  6 rats
414 creatures vanquished.

Vanquished Creatures (others)
  A fungus (D:1)
  A plant (D:1)
2 creatures vanquished.

Grand Total: 416 creatures vanquished

Notes
Turn   | Place    | Note
-------+----------+-------------------------------------------
     0 | D:1      | Irenicus the Deep Dwarf Earth Elementalist began the quest
                  | for the Orb.
     0 | D:1      | Reached XP level 1. HP: 15/15 MP: 3/3
   113 | D:1      | Reached XP level 2. HP: 22/22 MP: 1/4
   158 | D:1      | Reached skill level 5 in Earth Magic
   283 | D:1      | Learned a level 2 spell: Passwall
   286 | D:1      | Reached XP level 3. HP: 19/28 MP: 1/5
   420 | D:2      | Reached skill level 6 in Earth Magic
   483 | D:2      | Found an ancient bone altar of Kikubaaqudgha.
   489 | D:2      | Found a shimmering blue altar of Sif Muna.
   492 | D:2      | Found a radiant altar of Vehumet.
   498 | D:2      | Identified Vehumet's Disquisition on Conjuration
   536 | D:2      | Found a basalt altar of Yredelemnul.
   793 | D:2      | Reached XP level 4. HP: 20/36 MP: 1/6
   956 | D:3      | Found a white marble altar of Elyvilon.
   966 | D:3      | Reached skill level 7 in Earth Magic
   978 | D:3      | Reached XP level 5. HP: 19/42 MP: 1/7
   992 | D:3      | Reached skill level 8 in Earth Magic
  1063 | D:3      | HP: 9/42 [orc/+0 flail (4)]
  1117 | D:3      | HP: 7/42 [jackal (2)]
  1160 | D:3      | Reached skill level 9 in Earth Magic
  1160 | D:3      | Reached XP level 6. HP: 8/49 MP: 2/8
  1161 | D:3      | HP: 7/49 [orc wizard/+0 dagger (1)]
  1379 | D:4      | Got a scorched cloak
  1387 | D:4      | Identified the cursed +0 cloak of Decompression {+Inv rPois
                  | rF+ rC-} (You found it on level 4 of the Dungeon)
  1394 | D:4      | Found a staircase to the Ecumenical Temple.
  1400 | Temple   | Entered the Ecumenical Temple
  1438 | Temple   | Became a worshipper of Makhleb the Destroyer
  1519 | D:4      | Found an opulent altar of Gozag.
  1564 | D:4      | Found the +8 autumn katana {vorpal, Clar}
  1667 | D:4      | Found a glowing silver altar of Zin.
  1674 | D:4      | HP: 10/49 [orc/+0 trident (5)]
  1676 | D:4      | HP: 2/49 [orc/+0 trident (8)]
  1684 | D:4      | Found a snail-covered altar of Cheibriados.
  1688 | D:4      | Found a shimmering altar of Xom.
  1691 | D:4      | Found a sparkling altar of Nemelex Xobeh.
  1973 | D:5      | Entered Level 5 of the Dungeon
  2014 | D:5      | Reached skill level 10 in Earth Magic
  2023 | D:5      | Reached XP level 7. HP: 25/55 MP: 3/9
  2035 | D:5      | Reached skill level 11 in Earth Magic
  2088 | D:5      | Found Ystats's Armour Shop.
  2261 | D:5      | Reached * piety under Makhleb
  2265 | D:5      | HP: 11/55 [worm (5)]
  2300 | D:5      | Reached skill level 12 in Earth Magic
  2453 | D:5      | Found Wera's Book Boutique.
  2536 | D:6      | Found a shimmering blue altar of Sif Muna.
  2606 | D:6      | Reached XP level 8. HP: 32/62 MP: 6/10
  2701 | D:6      | Found a stormy altar of Qazlal.
  2742 | D:7      | Reached skill level 13 in Earth Magic
  2752 | D:7      | Learned a level 5 spell: Lee's Rapid Deconstruction
  2763 | D:7      | Reached skill level 2 in Spellcasting
  2795 | D:7      | Reached skill level 3 in Spellcasting
  2841 | D:7      | Found Wateisut's Antique Armour Shop.
  2920 | D:7      | Bought a glowing buckler for 180 gold pieces
  2972 | D:6      | Reached skill level 1 in Shields
  2972 | D:6      | Reached skill level 4 in Spellcasting
  3100 | D:8      | Noticed Joseph
  3105 | D:8      | Killed Joseph
  3105 | D:8      | Reached skill level 3 in Shields
  3105 | D:8      | Gained mutation: You passively map the area around you.
                  | [Deep Dwarf growth]
  3105 | D:8      | Reached XP level 9. HP: 26/68 MP: 10/15
  3132 | D:8      | Reached skill level 4 in Shields
  3148 | D:8      | Reached ** piety under Makhleb
  3148 | D:8      | Reached skill level 5 in Spellcasting
  3204 | D:8      | Found a bloodstained altar of Trog.
  3204 | D:8      | Found a stormy altar of Qazlal.
  3249 | D:8      | Found a shadowy altar of Dithmenos.
  3266 | D:8      | Reached skill level 6 in Spellcasting
  3383 | D:9      | Reached skill level 7 in Spellcasting
  3385 | D:9      | Found Sakhofai's Distillery.
  3391 | D:9      | Found Ruiti's Armour Shoppe.
  3397 | D:9      | Reached skill level 3 in Dodging
  3448 | D:9      | Found Gezxuf Aguph's General Store.
  3491 | D:9      | Reached skill level 4 in Dodging
  3613 | D:9      | Found a runed translucent gate.
  3613 | D:9      | Found a runed translucent gate.
  3613 | D:9      | Found a runed translucent gate.
  3614 | D:9      | Noticed qborf's ghost (novice SpAK)
  3614 | D:9      | Identified the +4 quarterstaff of Ebbigak {vorpal, Dex+2}
  3614 | D:9      | Identified the +3 plate armour "Weshirow" {rPois rF-
                  | Dex+10}
  3620 | D:9      | Found a roughly hewn altar of Beogh.
  3666 | D:9      | Reached XP level 10. HP: 61/75 MP: 12/21
  3669 | D:9      | Reached skill level 5 in Dodging
  3751 | D:9      | Found Omiuleis's Weapon Shop.
  3833 | D:9      | Reached skill level 8 in Spellcasting
  3844 | D:9      | Noticed a two-headed ogre
  3849 | D:9      | Killed a two-headed ogre
  3849 | D:9      | Reached skill level 6 in Dodging
  3891 | D:9      | Found Feidwat's Weapon Emporium.
  3925 | D:9      | Found a glowing golden altar of the Shining One.
  3969 | D:10     | Entered Level 10 of the Dungeon
  3998 | D:10     | Learned a level 3 spell: Stone Arrow
  4106 | D:10     | Found a staircase to the Lair.
  4137 | D:10     | Found Usottoll's Antique Weapon Shop.
  4157 | D:10     | Reached *** piety under Makhleb
  4198 | D:10     | Found a roughly hewn altar of Beogh.
  4198 | D:10     | Found a staircase to the Orcish Mines.
  4216 | D:10     | Reached skill level 7 in Dodging
  4251 | D:10     | Found Ymiul's Armour Shop.
  4273 | D:10     | Found Vupsyetos's Weapon Shoppe.
  4284 | D:10     | Found Loisiv's Gadget Shoppe.
  4333 | D:11     | Noticed a purple ugly thing
  4346 | D:11     | Killed a purple ugly thing
  4346 | D:11     | Reached skill level 8 in Dodging
  4346 | D:11     | Reached skill level 9 in Spellcasting
  4406 | D:11     | Found Icokug's Magic Scroll Emporium.
  4407 | D:11     | Noticed Snorg
  4429 | D:11     | HP: 18/75 [Snorg (12)]
  4430 | D:11     | Killed Snorg
  4430 | D:11     | Reached XP level 11. HP: 19/81 MP: 18/24
  4623 | D:11     | Noticed Maurice
  4627 | D:11     | Killed Maurice
  4627 | D:11     | Reached skill level 10 in Spellcasting
  4714 | D:11     | Noticed a two-headed ogre
  4719 | D:11     | Killed a two-headed ogre
  4826 | D:11     | Found Vefac's Weapon Boutique.
  4829 | D:11     | Bought 15 stones for 16 gold pieces
  4960 | D:12     | Reached **** piety under Makhleb
  5009 | D:12     | Noticed a two-headed ogre
  5023 | D:12     | Reached skill level 11 in Spellcasting
  5026 | D:12     | Killed a two-headed ogre
  5071 | D:12     | Noticed a green ugly thing
  5077 | D:12     | Killed a green ugly thing
  5077 | D:12     | Reached skill level 14 in Earth Magic
  5101 | D:12     | Noticed a green ugly thing
  5113 | D:12     | Killed a green ugly thing
  5176 | D:12     | Found a runed translucent gate.
  5183 | D:12     | Noticed Sonja
  5187 | D:12     | Killed Sonja
  5198 | D:12     | Found a runed translucent gate.
  5198 | D:12     | Found a runed translucent gate.
  5222 | D:12     | Reached skill level 15 in Earth Magic
  5344 | D:12     | Noticed Nessos
  5354 | D:12     | Killed Nessos
  5354 | D:12     | Reached XP level 12. HP: 52/88 MP: 18/27
  5355 | D:12     | Noticed a yaktaur captain
  5357 | D:12     | Noticed a rakshasa
  5358 | D:12     | Noticed an eight-headed hydra
  5384 | D:12     | Got a steaming mace
  5385 | D:12     | Identified the +7 mace "Ogrebane" {vorpal, rN+} (You found
                  | it on level 12 of the Dungeon)
  5402 | D:12     | Learned a level 5 spell: Borgnjor's Vile Clutch
  5405 | D:12     | Learned a level 2 spell: Sublimation of Blood
  5408 | D:12     | Learned a level 2 spell: Corpse Rot
  5413 | D:12     | Learned a level 4 spell: Dispel Undead
  5504 | D:12     | Noticed Plog's ghost (journeyman DDFi)
  5508 | D:12     | Reached skill level 1 in Necromancy
  5508 | D:12     | Reached skill level 1 in Evocations
  5512 | D:12     | Reached skill level 2 in Evocations
  5550 | D:12     | Noticed a blizzard demon
  5569 | D:12     | HP: 15/88 [blizzard demon/bolt of lightning (32)]
  5570 | D:12     | HP: 2/88 [blizzard demon/the air (13)]
  5573 | D:12     | Killed a blizzard demon
  5573 | D:12     | Reached skill level 2 in Necromancy
  5573 | D:12     | Reached skill level 3 in Evocations
  5577 | D:12     | Killed Plog's ghost
  5577 | D:12     | Reached skill level 3 in Necromancy
  5577 | D:12     | Reached skill level 16 in Earth Magic
  5604 | D:12     | Reached skill level 4 in Evocations
  5614 | D:12     | Got the ring "Zapin" {Fire}
  5621 | D:12     | Identified the ring "Zapin" {Fire Slay+4} (You found it on
                  | level 12 of the Dungeon)
  5722 | Orc:1    | Entered Level 1 of the Orcish Mines
  5797 | Orc:1    | Reached ***** piety under Makhleb
  5822 | Orc:2    | Entered Level 2 of the Orcish Mines
  5822 | Orc:2    | Found a staircase to the Elven Halls.
  5837 | Orc:2    | Reached skill level 4 in Necromancy
  5837 | Orc:2    | Reached skill level 5 in Evocations
  5922 | Orc:1    | Reached skill level 5 in Necromancy
  5922 | Orc:1    | Reached skill level 6 in Evocations
  5993 | Orc:2    | Found Kiumau's Distillery.
  5993 | Orc:2    | Noticed a two-headed ogre
  5994 | Orc:2    | Noticed a two-headed ogre
  5994 | Orc:2    | Noticed an ogre mage
  5994 | Orc:2    | Noticed a two-headed ogre
  6006 | Orc:2    | Noticed a two-headed ogre
  6007 | Orc:2    | Killed an ogre mage
  6007 | Orc:2    | Reached skill level 6 in Necromancy
  6007 | Orc:2    | Reached skill level 7 in Evocations
  6009 | Orc:2    | Noticed a two-headed ogre
  6012 | Orc:2    | Noticed a two-headed ogre
  6040 | Orc:2    | HP: 19/88 [two-headed ogre/+0 giant spiked club (13)]
  6041 | Orc:2    | Killed a two-headed ogre
  6046 | Orc:2    | Killed a two-headed ogre
  6046 | Orc:2    | Reached skill level 8 in Evocations
  6113 | Orc:2    | Noticed a two-headed ogre
  6119 | Orc:2    | Killed a two-headed ogre
  6119 | Orc:2    | Reached skill level 7 in Necromancy
  6137 | Orc:2    | Noticed an ogre mage
  6140 | Orc:2    | Killed an ogre mage
  6140 | Orc:2    | Reached skill level 9 in Evocations
  6151 | Orc:2    | Killed a two-headed ogre
  6151 | Orc:2    | Reached XP level 13. HP: 94/94 MP: 9/28
  6180 | Orc:2    | Reached skill level 8 in Necromancy
  6222 | Orc:2    | Reached skill level 10 in Evocations
  6280 | Orc:2    | Reached ****** piety under Makhleb
  6280 | Orc:2    | Reached skill level 9 in Necromancy
  6308 | Orc:2    | Found Niatarit's Book Shop.
  6309 | Orc:2    | Found Nuclieg's Antique Armour Emporium.
  6313 | Orc:2    | Found Nadeapt's Armour Boutique.
  6339 | Orc:2    | Reached skill level 11 in Evocations
  6378 | Orc:2    | Found a roughly hewn altar of Beogh.
  6425 | Elf:1    | Entered Level 1 of the Elven Halls
  6464 | Elf:1    | Noticed Asterion
  6474 | Elf:1    | Reached skill level 10 in Necromancy
  6475 | Elf:1    | HP: 11/94 [Asterion/orb of electricity (35)]
  6476 | Elf:1    | Reached skill level 12 in Evocations
  6534 | Elf:1    | Killed from afar by a deep elf mage

Illustrated notes

Levels and vault maps discovered:
D:1:      wander_arrival_fairy_ring, layout_basic
D:2:      layout_basic, grunt_temple_overflow_magic_moments,
          nicolae_overflow_crystal_walls, kennysheep_boxes
D:3:      layout_basic, elyvilon_altar_3
D:4:      layout_basic, nicolae_gozag_cash_rules_everything_around_me,
          grunt_temple_overflow_cloverleaf, minmay_temple_entry_drinking_statues
D:5:      minmay_recursive_quarters, layout_basic, serial_shops,
          nicolae_shop_waterfront, nicolae_shop_crystal
D:6:      layout_basic, basic_altar, grunt_qazlal_clouds
D:7:      layout_loops_ring, serial_shops, kennysheep_little_box
D:8:      layout_cave_pools, lemuel_coloured_pillars_altar,
          gammafunk_temple_overflow_statue, serial_column_ruins,
          column_ruins_corridor_straight, column_ruins_columns_corner,
          column_ruins_grid_1, column_ruins_open_tiny,
          column_ruins_columns_corner, column_ruins_open_small_water,
          uniq_joseph
D:9:      layout_stronghold, nicolae_tso_swordbearing_angel,
          biasface_ghost_orc_armoury, serial_shops, nicolae_shop_crystal,
          nicolae_shop_behind_doors, nicolae_shop_crystal, shop_statue,
          nicolae_shop_statue_plus, serial_rivers, chequers_serial_rivers_marsh,
          chequers_serial_rivers_micro_a, chequers_serial_rivers_small_a,
          chequers_serial_rivers_room_b
D:10:     layout_loops_ring, lair_entry_dummy, david_orc_5, serial_shops,
          nicolae_shop_behind_doors, shop, nicolae_shop_crystal, shop,
          minivault_23
D:11:     layout_stronghold, serial_shops, shop, shop, uniq_maurice, uniq_snorg
D:12:     layout_irregular_city, serial_column_ruins,
          column_ruins_corridor_straight, column_ruins_columns_T,
          column_ruins_open_tiny, column_ruins_open_tiny, column_ruins_grid_1,
          gammafunk_ghost_icy, onia_ninara_dug_in_and_dangerous, uniq_nessos,
          uniq_sonja
Temple:   jpeg_temple_island
Orc:1:    layout_diamond_mine
Orc:2:    st_orc_open, layout_diamond_mine, minmay_orc_temple_c
Elf:1:    elf_arrival_001, layout_loops_cross, kennysheep_underground_church,
          uniq_asterion

Skill      XL: |  1  2  3  4  5  6  7  8  9 10 11 12 13 |
---------------+----------------------------------------+-----
Earth Magic    | 5 6 7 9 10 12 13 15 16 | 16.0
Spellcasting   | 4 7 9 11 | 11.1
Shields        | 3 4 |  4.1
Dodging        | 4 8 |  8.0
Necromancy     | 7 10 | 10.5
Evocations     | 9 12 | 12.2
Stealth        | |  2.4
Transmutations | |  0.8

Action                   |  1- 3 |  4- 6 |  7- 9 | 10-12 | 13-15 || total
-------------------------+-------+-------+-------+-------+-------++-------
Melee: Club              |    32 |       |       |       |       ||    32
       Unarmed           |     3 |       |       |       |       ||     3
       Short sword       |     9 |    72 |       |       |       ||    81
       Katana            |       |     4 |    29 |    83 |    42 ||   158
Throw: Dart              |       |       |       |     2 |       ||     2
 Cast: Sandblast         |    40 |    54 |   107 |   131 |    24 ||   356
       Passwall          |     9 |     6 |    18 |    21 |       ||    54
       Lee's Rapid Decon |       |       |     3 |    34 |    12 ||    49
       Stone Arrow       |       |       |       |    27 |     9 ||    36
       Borgnjor's Vile C |       |       |       |    23 |    12 ||    35
       Sublimation of Bl |       |       |       |     1 |     5 ||     6
       Corpse Rot        |       |       |       |       |     4 ||     4
Evoke: Wand              |       |       |       |    13 |     2 ||    15
       Condenser vane    |       |       |       |     2 |     2 ||     4
  Use: Scroll            |       |     3 |     3 |    11 |     3 ||    20
       Potion            |       |     3 |       |     2 |       ||     5
 Stab: Sleeping          |     1 |     2 |     2 |     2 |       ||     7
Armor: Leather armour    |     8 |    24 |     8 |       |       ||    40
       Robe              |     1 |       |       |       |       ||     1
       Steam dragon scal |       |       |       |    23 |    12 ||    35
Dodge: Dodged            |    52 |    91 |    50 |   186 |    55 ||   434
Block: Buckler           |       |       |     7 |    57 |    26 ||    90
       Rpst.: Katana     |       |       |    21 |    48 |    16 ||    85

Table legend: (Time is in decaauts)
 A = Elapsed time spent in this place.
 B = Non-inter-level travel time spent in this place.
 C = Inter-level travel time spent in this place.
 D = Time resting spent in this place.
 E = Time spent auto-exploring this place.
 F = Levels seen in this place.
 G = Mean time per level.
                   A        B        C        D        E       F      G
               +--------+--------+--------+--------+--------+-----+--------+
         Total |   6573 |   6481 |     92 |      0 |      0 |  16 |  410.8 |
       Dungeon |   5679 |   5587 |     92 |      0 |      0 |  12 |  473.2 |
        Temple |     67 |     67 |      0 |      0 |      0 |   1 |   67.0 |
  Orcish Mines |    715 |    715 |      0 |      0 |      0 |   2 |  357.5 |
   Elven Halls |    110 |    110 |      0 |      0 |      0 |   1 |  110.0 |
               +--------+--------+--------+--------+--------+-----+--------+

Top non-repeatable levels by time:
    D:12: 759 daAuts
    D:11: 599 daAuts
     D:9: 594 daAuts
     D:4: 562 daAuts
   Orc:2: 561 daAuts
     D:2: 541 daAuts
     D:3: 474 daAuts
     D:5: 463 daAuts
     D:1: 397 daAuts
    D:10: 393 daAuts
     D:6: 325 daAuts
     D:7: 286 daAuts
     D:8: 279 daAuts
   Orc:1: 153 daAuts
   Elf:1: 110 daAuts

Table legend:
 A = Kills in this place as a percentage of kills in entire the game.
 B = Kills by you in this place as a percentage of kills by you in the entire game.
 C = Kills by friends in this place as a percentage of kills by friends in the entire game.
 D = Other kills in this place as a percentage of other kills in the entire game.
 E = Experience gained in this place as a percentage of experience gained in the entire game.
 F = Experience gained in this place divided by the number of levels of this place that you have seen.
                   A       B       C       D       E      F
               +-------+-------+-------+-------+-------+----------------------
         Total | 100.0 | 100.0 |   N/A |   N/A | 100.0 | 3542.6
       Dungeon |  69.6 |  69.6 |   N/A |   N/A |  47.6 | 2248.6
  Orcish Mines |  27.5 |  27.5 |   N/A |   N/A |  39.3 | 11149.5
   Elven Halls |   2.9 |   2.9 |   N/A |   N/A |  13.1 | 7400.0
               +-------+-------+-------+-------+-------+----------------------
